Map: Ruines d’Endion

Players

Mizumix

  • Race: Protoss Protoss
  • League: Silver
  • Spawn Location: 7:00

zidar - Winner!

  • Race: Zerg Zerg
  • League: Gold
  • Spawn Location: 5:00

VOD

Have the link to the VOD?

Description

Time

  • Played on: June 4, 2016, 9:21 a.m.
  • Length: 11:27
Show
View Real Time Build Order
Export as new Build Order

Mizumix Protoss 

Build Orders: Oracle Opening 

Get SALT Encoding   

  12  0:01  Probe (Chrono Boost)  
  13  0:12  Probe (Chrono Boost)  
  14  0:22  Pylon  
  14  0:23  Probe (Chrono Boost)  
  15  0:41  Gateway  
  15  0:46  Probe (Chrono Boost)  
  16  0:50  Assimilator  
  16  0:56  Probe (Chrono Boost)  
  17  0:59  Assimilator  
  17  1:07  Probe (Chrono Boost)  
  18  1:27  Probe (Chrono Boost)  
  19  1:33  Zealot  
  21  1:42  Cybernetics Core  
  21  1:53  Nexus  
  21  1:55  Probe (Chrono Boost)  
  22  2:11  Probe (Chrono Boost)  
  23  2:19  Pylon  
  23  2:37  Probe (Chrono Boost), Stalker  
  23  2:43  Stargate  
  26  2:48  Probe (Chrono Boost)  
  27  3:01  Pylon  
  27  3:04  Mothership Core (Chrono Boost)  
  29  3:07  Adept  
  31  3:21  Probe (Chrono Boost)  
  31  3:24  Probe (Chrono Boost)  
  33  3:29  Assimilator  
  33  3:31  Probe (Chrono Boost)  
  34  3:34  Adept, Probe (Chrono Boost)  
  34  3:36  Oracle (Chrono Boost)  
  40  3:50  Probe x2 (Chrono Boost)  
  40  3:54  Assimilator  
  42  4:01  Probe x2 (Chrono Boost)  
  44  4:12  Oracle (Chrono Boost)  
  44  4:13  Protoss Air Armor Level 1  
  47  4:19  Probe  
  47  4:20  Probe  
  47  4:21  Pylon  
  41  4:29  Probe  
  41  4:32  Probe  
  42  4:41  Probe  
  42  4:44  Probe  
  44  4:46  Pylon  
  44  4:55  Void Ray (Chrono Boost)  
  44  4:57  Probe  
  49  5:06  Stalker  
  48  5:29  Probe  
  48  5:31  Probe  
  48  5:34  Void Ray (Chrono Boost)  
  54  5:40  Stargate, Probe  
  55  5:43  Probe  
  56  5:50  Probe  
  56  5:52  Stalker  
  56  5:55  Probe  
  60  6:01  Probe  
  61  6:04  Pylon  
  65  6:11  Void Ray (Chrono Boost)  
  65  6:18  Probe  
  65  6:19  Probe  
  71  6:29  Probe  
  71  6:30  Void Ray (Chrono Boost)  
  71  6:31  Probe  
  73  6:36  Sentry  
  75  6:48  Pylon  
  75  6:55  Pylon  
  79  7:09  Void Ray (Chrono Boost)  
  79  7:11  Oracle (Chrono Boost)  
  82  7:23  Protoss Air Weapons Level 1  
  82  7:38  Probe  
  82  7:40  Probe  
  88  7:44  Void Ray (Chrono Boost)  
  88  8:09  Nexus  
  92  9:01  Void Ray (Chrono Boost)  
  92  9:04  Pylon  
  92  9:07  Pylon  
  92  9:13  Pylon  
  92  9:17  Stargate  
  92  9:20  Stargate  
  92  9:23  Void Ray (Chrono Boost), Fleet Beacon  
  100  9:44  Void Ray (Chrono Boost)  
  100  9:48  Stargate  
  104  10:00  Void Ray (Chrono Boost)  
  108  10:08  Void Ray (Chrono Boost)  
Show
View Real Time Build Order
Export as new Build Order

zidar Zerg - Winner!

Build Orders: Pool First 

Get SALT Encoding   

  12  0:02  Drone  
  13  0:12  Overlord  
  13  0:17  Drone  
  14  0:25  Extractor, Drone  
  15  0:32  Drone  
  15  0:35  Drone  
  17  0:49  Spawning Pool  
  16  0:52  Drone  
  17  1:15  Hatchery  
  17  1:17  Drone  
  17  1:21  Drone  
  18  1:28  Drone  
  18  1:30  Extractor  
  18  1:38  Queen  
  20  1:54  Drone  
  21  1:56  Overlord x2  
  21  2:09  Drone  
  21  2:13  Queen  
  23  2:31  Drone x3  
  26  2:46  Metabolic Boost  
  26  2:50  Extractor  
  25  3:04  Zergling x6  
  29  3:05  Zergling x2  
  29  3:10  Drone x3  
  29  3:11  Drone  
  33  3:26  Zergling x6  
  36  3:34  Roach Warren  
  36  3:38  Drone x5  
  36  3:41  Pneumatized Carapace  
  40  4:06  Drone x4  
  40  4:08  Lair  
  42  4:35  Drone  
  43  4:40  Spore Crawler  
  43  4:44  Queen, Spore Crawler  
  43  4:47  Overlord x3  
  43  5:07  Spore Crawler  
  43  5:13  Spore Crawler  
  41  5:41  Hydralisk Den  
  40  5:52  Evolution Chamber  
  40  5:54  Evolution Chamber  
  38  5:59  Drone  
  38  6:00  Drone x11  
  50  6:13  Hatchery  
  50  6:15  Hydralisk x8  
  65  6:24  Extractor  
  64  6:28  Extractor  
  63  6:33  Hatchery  
  62  6:45  Zerg Missile Weapons Level 1, Zerg Ground Armor Level 1  
  62  6:46  Infestation Pit  
  61  6:57  Drone  
  61  6:58  Drone x5  
  61  7:00  Overlord x3  
  61  7:01  Overlord  
  67  7:22  Hydralisk x2  
  67  7:23  Hydralisk x4  
  79  7:41  Hydralisk  
  79  7:42  Hydralisk x4  
  89  7:56  Hydralisk x3  
  95  8:08  Muscular Augments  
  95  8:15  Overlord  
  95  8:16  Overlord x2  
  95  8:19  Drone  
  99  8:20  Drone x3  
  99  8:44  Drone x6  
  99  8:45  Drone x5  
  99  8:46  Drone  
  111  9:26  Hydralisk x4  
  111  9:27  Hydralisk x4  
  127  9:36  Overlord x2  
  127  9:37  Overlord x3  
  127  9:41  Overseer  
  127  9:42  Overseer  
  127  10:11  Hydralisk x12  
  151  10:21  Extractor  
  150  10:26  Extractor  
  149  10:30  Hydralisk  
  149  10:31  Hydralisk x4  
Tags
 
Add a new tag
Caveats
  • Supply blocks, unpowered buildings, or Contaminate may cause inaccurate times.
  • Supply counts are checked every 10 seconds.